[Event "42nd Olympiad Baku 2016 Open"]
[Site "Baku"]
[Date "2016.09.05"]
[Round "4.29"]
[White "Morovic Fernandez, Ivan"]
[Black "Ayyad, Husain"]
[Result "1-0"]
[ECO "B01"]
[WhiteElo "2554"]
[BlackElo "2176"]
[Annotator ""]
[PlyCount "109"]
[EventDate "2016.??.??"]
[EventCountry "AZE"]
[SourceTitle "playchess.com"]
[Source "ChessBase"]
[WhiteTeam "Chile"]
[BlackTeam "Brunei"]
[WhiteTeamCountry "CHI"]
[BlackTeamCountry "BRN"]
[TimeControl "40/5400+30:1800+30"]

1. e4 {(00:00)} d5 {(01:55)} 2. exd5 {(00:06)} Qxd5 {
(00:02)} 3. Nc3 {(03:06)} Qd6 {(02:08)} 4. d4 {(00:
11)} c6 {(00:06)} 5. Bg5 {(08:51)} Nf6 {(08:25)} 6. Qd2 {
(03:18)} Bf5 {(10:45)} 7. O-O-O {(05:44)} Nd5 {(03:
31)} 8. Nf3 {(15:30)} Nxc3 {(14:37)} 9. Qxc3 {(00:29)} f6
{(22:42)} 10. Bh4 {(07:30)} e6 {(02:56)} 11. Bg3 {(
03:13)} Qb4 {(09:15)} 12. Qxb4 {(09:19)} Bxb4 {(00:02)}
13. Bc4 {(00:12)} Kd7 {(03:24)} 14. a3 {(07:25)} Bd6 {
(08:50)} 15. Rhe1 {(00:20)} Bxg3 {(01:25)} 16. hxg3 {
(00:14)} Bg4 {(04:38)} 17. Re4 {(06:37)} h5 {(00:
46)} 18. Rde1 {(01:12)} Re8 {(01:09)} 19. Nh4 {(00:38)} b5
{(00:42)} 20. Bb3 {(00:58)} Na6 {(00:02)} 21. f3 {(
00:56)} Bf5 {(00:21)} 22. Nxf5 {(00:46)} exf5 {(00:01)}
23. Be6+ {(00:49)} Kd6 {(00:01)} 24. Bxf5 {(00:07)} Rxe4 {
(00:50)} 25. Rxe4 {(02:59)} Nc7 {(00:05)} 26. Kd2 {
(02:06)} g5 {(00:54)} 27. Kd3 {(03:10)} Re8 {(02:
33)} 28. Rxe8 {(04:22)} Nxe8 {(00:04)} 29. Bg6 {(03:18)}
Ng7 {(00:06)} 30. f4 {(02:32)} Ke6 {(01:59)} 31. fxg5 {
(01:52)} fxg5 {(00:13)} 32. Be4 {(02:06)} Kd6 {(00:
14)} 33. Ke3 {(01:03)} Ne6 {(01:07)} 34. c3 {(01:47)} c5 {
(00:30)} 35. dxc5+ {(01:24)} Nxc5 {(00:07)} 36. Bd3 {
(01:34)} a6 {(00:34)} 37. c4 {(00:34)} bxc4 {(00:
36)} 38. Bxc4 {(00:03)} a5 {(00:49)} 39. Kd4 {(01:31)} Nd7
{(00:26)} 40. Ke4 {(00:00)} h4 {(00:00)} 41. g4 {(
04:13)} Ne5 {(03:27)} 42. Be2 {(01:49)} Ke6 {(00:44)} 43.
b4 {(04:42)} axb4 {(00:16)} 44. axb4 {(00:06)} Ng6 {
(07:55)} 45. b5 {(01:59)} Ne7 {(04:45)} 46. Bc4+ {(
05:20)} Kd6 {(02:27)} 47. Bf7 {(02:52)} Kc5 {(00:31)} 48.
Be8 {(03:25)} Nd5 {(00:28)} 49. Bc6 {(01:34)} Nf4 {
(00:18)} 50. Kf5 {(02:56)} h3 {(00:56)} 51. gxh3 {(
00:56)} Nxh3 {(00:12)} 52. Bg2 {(00:16)} Ng1 {(06:20)} 53.
Kxg5 {(01:01)} Kxb5 {(00:07)} 54. Kf4 {(01:29)} Kc5 {
(00:02)} 55. Ke3 {(01:15)} 1-0

[Event "42nd Olympiad Baku 2016 Open"]
[Site "Baku"]
[Date "2016.09.05"]
[Round "4.6"]
[White "Mosutha, Thuso"]
[Black "Mwanyika, Geoffrey"]
[Result "1-0"]
[ECO "C00"]
[WhiteElo "1930"]
[BlackElo "1850"]
[Annotator ""]
[PlyCount "69"]
[EventDate "2016.??.??"]
[EventCountry "AZE"]
[SourceTitle "playchess.com"]
[Source "ChessBase"]
[WhiteTeam "Botswana"]
[BlackTeam "Tanzania"]
[WhiteTeamCountry "BOT"]
[BlackTeamCountry "TAN"]
[TimeControl "40/5400+30:1800+30"]

1. e4 {(00:00)} e6 {(00:00)} 2. d3 {(01:02)} d5 {(
00:40)} 3. Nd2 {(00:06)} Nf6 {(01:32)} 4. Ngf3 {(00:20)}
dxe4 {(01:34)} 5. dxe4 {(00:10)} Bc5 {(00:21)} 6. Bd3 {
(00:41)} O-O {(01:07)} 7. O-O {(00:16)} Nbd7 {(02:
30)} 8. e5 {(00:56)} Ne8 {(04:01)} 9. Ne4 {(03:52)} h6 {
(06:15)} 10. Nxc5 {(00:22)} Nxc5 {(00:22)} 11. Bh7+ {
(00:11)} Kxh7 {(09:19)} 12. Qxd8 {(00:09)} Nd7 {(
01:19)} 13. Rd1 {(00:44)} Nef6 {(02:00)} 14. Qxc7 {(01:48]
} Nd5 {(00:32)} 15. Qc4 {(00:11)} N7b6 {(00:55)} 16. Qe4+
{(00:10)} Kh8 {(02:35)} 17. c4 {(00:19)} Ne7 {(00:
32)} 18. b3 {(00:45)} Ng6 {(01:35)} 19. Ba3 {(00:59)} Re8
{(02:50)} 20. h4 {(02:45)} Nd7 {(03:24)} 21. Rd2 {(
00:46)} a5 {(00:41)} 22. Rad1 {(00:19)} Ngf8 {(00:09)} 23.
Bxf8 {(00:35)} Nxf8 {(02:16)} 24. Rd8 {(00:09)} Bd7 {
(00:44)} 25. R8xd7 {(00:16)} Nxd7 {(01:55)} 26. Rxd7 {
(00:06)} Kg8 {(00:26)} 27. Qxb7 {(01:12)} Rf8 {(00:
18)} 28. Rxf7 {(00:13)} Rxf7 {(00:49)} 29. Qxa8+ {(00:06)}
Kh7 {(00:06)} 30. Qe8 {(00:19)} Ra7 {(00:36)} 31. h5 {
(00:14)} Ra6 {(00:48)} 32. Nh4 {(00:26)} a4 {(01:
05)} 33. Ng6 {(00:12)} Ra8 {(00:58)} 34. Qxa8 {(00:11)} a3
{(00:16)} 35. Qh8# {(00:02)} 1-0

[Event "42nd Olympiad Baku 2016 Open"]
[Site "Baku"]
[Date "2016.09.05"]
[Round "4.16"]
[White "Muhammed, Shuaau"]
[Black "Kizza, Faruk Fauza Karim"]
[Result "1-0"]
[ECO "B23"]
[WhiteElo "1692"]
[BlackElo "2094"]
[Annotator ""]
[PlyCount "80"]
[EventDate "2016.??.??"]
[EventCountry "AZE"]
[SourceTitle "playchess.com"]
[Source "ChessBase"]
[WhiteTeam "Maldives"]
[BlackTeam "Uganda"]
[WhiteTeamCountry "MDV"]
[BlackTeamCountry "UGA"]
[TimeControl "40/5400+30:1800+30"]

1. e4 {(00:00)} c5 {(00:00)} 2. Nc3 {(00:19)} a6 {(
00:54)} 3. f4 {(01:22)} e6 {(00:10)} 4. Nf3 {(00:20)} Nc6
{(00:15)} 5. Be2 {(01:46)} d5 {(00:17)} 6. e5 {(04:
46)} b5 {(03:15)} 7. O-O {(01:24)} c4 {(00:34)} 8. d4 {
(01:05)} Qb6 {(01:29)} 9. Be3 {(05:11)} Nh6 {(00:
11)} 10. Qe1 {(02:00)} Ng4 {(00:25)} 11. Bf2 {(01:34)}
Nxf2 {(03:50)} 12. Qxf2 {(00:11)} b4 {(00:19)} 13. Na4 {
(01:58)} Qa5 {(08:06)} 14. b3 {(01:01)} c3 {(00:47]
} 15. g4 {(02:39)} Nd8 {(02:45)} 16. Bd3 {(07:30)} Bd7 {
(00:31)} 17. f5 {(01:15)} Bxa4 {(11:20)} 18. bxa4 {
(00:07)} Ra7 {(04:02)} 19. Rfb1 {(05:54)} Qxa4 {(
14:25)} 20. a3 {(01:11)} bxa3 {(00:11)} 21. Rb8 {(03:33)}
Be7 {(14:01)} 22. Qe1 {(10:21)} Qa5 {(06:47)} 23. Rc8 {
(03:19)} Rc7 {(03:01)} 24. Ra8 {(00:30)} Rc6 {(00:
37)} 25. f6 {(06:30)} gxf6 {(04:49)} 26. exf6 {(00:10)}
Bd6 {(01:55)} 27. Ng5 {(01:45)} Kd7 {(01:11)} 28. Qh4 {
(08:04)} h6 {(04:48)} 29. Qh5 {(00:35)} Rf8 {(00:
21)} 30. Nxf7 {(03:43)} Bc7 {(06:47)} 31. Nxd8 {(10:18)}
Bxd8 {(00:36)} 32. Qxh6 {(07:04)} Rxf6 {(02:03)} 33. Qg7+
{(01:12)} Kd6 {(01:56)} 34. Rxa3 {(02:35)} Qb6 {(
00:29)} 35. Kg2 {(02:05)} Be7 {(01:12)} 36. R3xa6 {(01:25]
} Qxd4 {(00:32)} 37. Rxc6+ {(00:10)} Kxc6 {(00:16)} 38.
Ra6+ {(00:45)} Kd7 {(00:58)} 39. Bb5+ {(00:34)} Kc8 {
(00:50)} 40. Ra8+ {(00:00)} Kb7 {(00:00)} 1-0

[Event "42nd Olympiad Baku 2016 Open"]
[Site "Baku"]
[Date "2016.09.05"]
[Round "4.28"]
[White "Murillo Tsijli, Alexis"]
[Black "Bersamina, Paulo"]
[Result "0-1"]
[ECO "E45"]
[WhiteElo "2272"]
[BlackElo "2408"]
[Annotator ""]
[PlyCount "86"]
[EventDate "2016.??.??"]
[EventCountry "AZE"]
[SourceTitle "playchess.com"]
[Source "ChessBase"]
[WhiteTeam "Costa Rica"]
[BlackTeam "Philippines"]
[WhiteTeamCountry "CRI"]
[BlackTeamCountry "PHI"]
[TimeControl "40/5400+30:1800+30"]

1. d4 {(00:00)} Nf6 {(00:00)} 2. c4 {(00:00)} e6 {(
00:00)} 3. Nc3 {(00:00)} Bb4 {(00:00)} 4. e3 {(00:00)} b6
{(00:00)} 5. Nge2 {(00:09)} Ba6 {(00:00)} 6. a3 {(
00:08)} Bxc3+ {(00:00)} 7. Nxc3 {(00:08)} d5 {(00:00)} 8.
Qf3 {(10:27)} O-O {(00:43)} 9. g4 {(01:00)} Nbd7 {(
22:22)} 10. g5 {(06:17)} Ne4 {(00:10)} 11. Nxe4 {(01:24)}
dxe4 {(00:03)} 12. Qxe4 {(00:56)} Qxg5 {(00:10)} 13. h4 {
(05:10)} Qg6 {(02:20)} 14. Qxg6 {(06:02)} fxg6 {(
00:07)} 15. b4 {(11:35)} c5 {(06:01)} 16. Ra2 {(09:48)}
cxd4 {(04:39)} 17. exd4 {(00:24)} Rac8 {(00:56)} 18. Rc2 {
(01:53)} Nf6 {(03:08)} 19. Rg1 {(08:27)} Rf7 {(03:
01)} 20. Rg5 {(00:51)} Bb7 {(04:54)} 21. Bh3 {(03:46)} Re7
{(00:50)} 22. Be3 {(03:09)} Be4 {(00:23)} 23. Rc1 {
(00:23)} Bf5 {(00:22)} 24. Rg3 {(01:13)} Nh5 {(10:
48)} 25. Rf3 {(00:43)} h6 {(01:20)} 26. Bd2 {(05:02)} Rd8
{(03:56)} 27. Bc3 {(01:35)} e5 {(02:20)} 28. d5 {(
05:16)} e4 {(01:36)} 29. Rxf5 {(00:29)} gxf5 {(00:07)} 30.
Bxf5 {(00:10)} Nf4 {(00:22)} 31. Rc2 {(09:30)} Rc7 {
(05:52)} 32. Bd2 {(04:38)} Nxd5 {(00:50)} 33. c5 {(
02:54)} Re8 {(02:37)} 34. c6 {(02:21)} e3 {(00:38)} 35.
fxe3 {(00:07)} Nxe3 {(00:27)} 36. Bxe3 {(00:18)} Rxe3+ {
(00:03)} 37. Kd1 {(01:40)} Rxa3 {(00:10)} 38. Bg6 {
(00:34)} Rg3 {(00:38)} 39. Be4 {(00:16)} Rg4 {(00:
12)} 40. Re2 {(00:00)} Rxe4 {(00:00)} 41. Rxe4 {(01:13)}
Rxc6 {(03:52)} 42. Ke2 {(02:13)} Kf7 {(00:18)} 43. Kf3 {
(00:05)} b5 {(00:37)} 0-1

[Event "42nd Olympiad Baku 2016 Open"]
[Site "Baku"]
[Date "2016.09.05"]
[Round "4.28"]
[White "Murshed, Niaz"]
[Black "Ashiku, Franc"]
[Result "1-0"]
[ECO "D45"]
[WhiteElo "2439"]
[BlackElo "2322"]
[Annotator ""]
[PlyCount "97"]
[EventDate "2016.??.??"]
[EventCountry "AZE"]
[SourceTitle "playchess.com"]
[Source "ChessBase"]
[WhiteTeam "Bangladesh"]
[BlackTeam "Albania"]
[WhiteTeamCountry "BAN"]
[BlackTeamCountry "ALB"]
[TimeControl "40/5400+30:1800+30"]

1. c4 {(00:00)} c6 {(01:08)} 2. Nf3 {(01:30)} d5 {(
00:09)} 3. e3 {(00:20)} Nf6 {(00:56)} 4. Nc3 {(00:18)}
Nbd7 {(00:08)} 5. d4 {(00:30)} e6 {(00:09)} 6. Qc2 {
(01:01)} Bd6 {(00:38)} 7. Bd3 {(00:29)} O-O {(00:
11)} 8. O-O {(00:27)} dxc4 {(00:34)} 9. Bxc4 {(00:11)} b5
{(00:04)} 10. Be2 {(00:07)} Bb7 {(00:08)} 11. Rd1 {
(00:40)} Qc7 {(00:32)} 12. e4 {(00:29)} e5 {(00:10]
} 13. Bg5 {(00:15)} exd4 {(00:16)} 14. Rxd4 {(00:58)} Ne5
{(00:09)} 15. Bxf6 {(01:06)} gxf6 {(00:06)} 16. h3 {
(17:27)} Nxf3+ {(05:54)} 17. Bxf3 {(00:34)} Be5 18. Rdd1 {
(09:31)} Rad8 {(04:36)} 19. Bg4 {(02:38)} Rxd1+ {(
06:31)} 20. Nxd1 {(06:16)} Bd4 {(00:56)} 21. Ne3 {(07:25)}
Bxe3 {(05:56)} 22. fxe3 {(02:01)} Bc8 {(01:28)} 23. Qe2 {
(05:47)} Qg3 {(01:45)} 24. Bxc8 {(01:56)} Rxc8 {(
00:08)} 25. Rf1 {(01:15)} Re8 {(08:37)} 26. Rf4 {(05:00)}
Kh8 {(09:08)} 27. Qd2 {(09:02)} Qg6 {(17:27)} 28. Qd4 {
(16:19)} Re5 {(00:51)} 29. Rg4 {(00:51)} Rg5 {(03:
02)} 30. Rxg5 {(00:36)} Qxg5 {(00:41)} 31. Qxa7 {(00:14)}
Kg7 {(07:19)} 32. b4 {(00:45)} Qe5 {(05:01)} 33. Qd4 {
(00:44)} Qe6 {(00:18)} 34. a3 {(01:11)} Kg6 {(00:
06)} 35. Kf2 {(03:05)} Qb3 {(01:08)} 36. e5 {(01:01)} fxe5
{(13:53)} 37. Qe4+ {(00:15)} Kf6 {(07:45)} 38. Qxc6+ {
(00:13)} Kf5 {(00:28)} 39. g4+ {(02:10)} Kg5 {(00:
12)} 40. Qe4 {(00:00)} Qb2+ {(00:00)} 41. Kg3 {(00:21)}
Kf6 {(05:40)} 42. Qc6+ {(09:58)} Kg7 {(00:59)} 43. Qxb5 {
(00:07)} f6 {(00:06)} 44. Qd7+ {(00:30)} Kg8 {(01:
48)} 45. Qe8+ {(01:45)} Kg7 {(00:05)} 46. Qe7+ {(00:24)}
Kg6 {(01:51)} 47. h4 {(00:23)} h5 {(00:26)} 48. gxh5+ {
(02:51)} Kf5 {(00:09)} 49. Kf3 {(00:07)} 1-0

[Event "42nd Olympiad Baku 2016 Open"]
[Site "Baku"]
[Date "2016.09.05"]
[Round "4.18"]
[White "Mwali, Chitumbo"]
[Black "Gebregziabher, Brehane Gebre Mic"]
[Result "1-0"]
[ECO "A11"]
[WhiteElo "2335"]
[BlackElo "1933"]
[Annotator ""]
[PlyCount "59"]
[EventDate "2016.??.??"]
[EventCountry "AZE"]
[SourceTitle "playchess.com"]
[Source "ChessBase"]
[WhiteTeam "Zambia"]
[BlackTeam "Ethiopia"]
[WhiteTeamCountry "ZAM"]
[BlackTeamCountry "ETH"]
[TimeControl "40/5400+30:1800+30"]

1. c4 {(00:00)} c6 {(00:00)} 2. g3 {(00:00)} d5 {(
00:00)} 3. Bg2 {(00:00)} e6 {(00:01)} 4. Nf3 {(00:00)} Nf6
{(00:07)} 5. O-O {(00:01)} Be7 {(00:04)} 6. b3 {(
00:15)} O-O {(00:55)} 7. Bb2 {(00:08)} Nbd7 {(00:11)} 8.
Qc2 {(00:16)} Re8 {(01:14)} 9. d4 {(08:59)} Ne4 {(
02:06)} 10. Ne1 {(02:47)} f5 {(00:28)} 11. f3 {(00:07)}
Nef6 {(00:13)} 12. Nd2 {(00:26)} Bb4 {(04:02)} 13. Nd3 {
(01:14)} Bxd2 {(02:23)} 14. Qxd2 {(00:05)} b6 {(00:
13)} 15. Nf2 {(01:29)} Ba6 {(01:08)} 16. cxd5 {(02:15)}
exd5 {(01:41)} 17. Rfe1 {(00:04)} Re6 {(04:54)} 18. Bh3 {
(07:07)} g6 {(02:02)} 19. e4 {(00:35)} dxe4 {(17:
34)} 20. fxe4 {(00:07)} Ne5 {(02:47)} 21. Qd1 {(00:08)}
Neg4 {(03:35)} 22. Nxg4 {(04:52)} fxg4 {(01:17)} 23. Bg2 {
(00:08)} h5 {(11:02)} 24. d5 {(00:42)} cxd5 {(05:
04)} 25. exd5 {(00:34)} Rd6 {(06:51)} 26. Re6 {(00:27)}
Ne8 {(11:00)} 27. Qd4 {(04:37)} Kf7 {(00:42)} 28. Qf4+ {
(00:33)} Kg8 {(01:50)} 29. Qh6 {(00:18)} Qd7 {(03:
59)} 30. Rxe8+ {(00:44)} 1-0

[Event "42nd Olympiad Baku 2016 Open"]
[Site "Baku"]
[Date "2016.09.05"]
[Round "4.26"]
[White "Myint Han"]
[Black "De La Riva Aguado, Oscar"]
[Result "1/2-1/2"]
[ECO "B20"]
[WhiteElo "2289"]
[BlackElo "2503"]
[Annotator ""]
[PlyCount "67"]
[EventDate "2016.??.??"]
[EventCountry "AZE"]
[SourceTitle "playchess.com"]
[Source "ChessBase"]
[WhiteTeam "Myanmar"]
[BlackTeam "Andorra"]
[WhiteTeamCountry "MYA"]
[BlackTeamCountry "AND"]
[TimeControl "40/5400+30:1800+30"]

1. e4 {(00:00)} c5 {(00:00)} 2. a3 {(00:00)} g6 {(
01:41)} 3. b4 {(00:00)} Bg7 {(00:08)} 4. Nc3 {(00:06)} d6
{(01:25)} 5. Nf3 {(00:24)} Nf6 {(03:20)} 6. bxc5 {(
02:31)} O-O {(15:39)} 7. Rb1 {(03:54)} dxc5 {(01:09)} 8.
Bc4 {(00:18)} Nc6 {(01:02)} 9. h3 {(00:13)} Ne8 {(
08:11)} 10. Qe2 {(02:28)} Nd6 {(02:22)} 11. Bd5 {(00:36)}
Nd4 {(04:09)} 12. Nxd4 {(01:37)} cxd4 {(00:10)} 13. Nb5 {
(00:23)} e6 {(01:49)} 14. Ba2 {(01:00)} Nxe4 {(11:
49)} 15. Qxe4 {(01:08)} a6 {(00:05)} 16. Nxd4 {(01:41)}
Bxd4 {(00:07)} 17. O-O {(00:12)} Rb8 {(00:32)} 18. c3 {
(09:27)} Bg7 {(00:35)} 19. d4 {(00:06)} b5 {(07:01]
} 20. Bf4 {(00:23)} Bb7 {(00:13)} 21. Qe3 {(00:04)} Rc8 {
(00:06)} 22. a4 {(00:12)} Qd7 {(01:04)} 23. axb5 {(
00:13)} axb5 {(00:06)} 24. Rfc1 {(00:48)} Ra8 {(01:43)}
25. Bb3 {(00:34)} Rfc8 {(01:18)} 26. Bd1 {(02:49)} Bd5 {
(02:32)} 27. Be2 {(01:39)} Ra5 {(00:35)} 28. h4 {(
02:21)} Bc4 {(04:57)} 29. Bf3 {(00:16)} Ra3 {(01:57)} 30.
h5 {(00:43)} Bd5 {(06:34)} 31. Be2 {(00:31)} Bc4 {(
01:08)} 32. Bf3 {(00:06)} Bd5 {(01:47)} 33. Be2 {(02:13)}
Bc4 {(04:34)} 34. Bf3 1/2-1/2

[Event "42nd Olympiad Baku 2016 Open"]
[Site "Baku"]
[Date "2016.09.05"]
[Round "4.4"]
[White "Mziyako, Sobhi"]
[Black "Moncur, Cecil"]
[Result "0-1"]
[ECO "B40"]
[WhiteElo "1447"]
[BlackElo "1869"]
[Annotator ""]
[PlyCount "64"]
[EventDate "2016.??.??"]
[EventCountry "AZE"]
[SourceTitle "playchess.com"]
[Source "ChessBase"]
[WhiteTeam "SWZ"]
[BlackTeam "Bahamas"]
[BlackTeamCountry "BAH"]
[TimeControl "40/5400+30:1800+30"]

1. e4 {(00:00)} c5 {(00:00)} 2. Nf3 {(00:00)} e6 {(
00:00)} 3. d4 {(00:00)} cxd4 {(00:06)} 4. Nxd4 {(00:09)}
Nf6 {(00:13)} 5. Bd3 {(01:12)} Nc6 {(00:50)} 6. c3 {
(01:27)} Bc5 {(04:24)} 7. Nb3 {(01:37)} Be7 {(01:
55)} 8. O-O {(00:12)} d5 {(00:53)} 9. exd5 {(00:41)} Nxd5
{(00:32)} 10. Re1 {(01:35)} Nf6 {(01:18)} 11. Bf4 {
(01:42)} O-O {(01:26)} 12. Qc2 {(01:55)} Bd7 {(01:
40)} 13. N1d2 {(02:26)} Rc8 {(00:44)} 14. Rad1 {(02:09)}
Nb4 {(00:36)} 15. Qb1 {(00:09)} Nxd3 {(00:17)} 16. Qxd3 {
(00:11)} b5 {(03:27)} 17. Ne4 {(01:01)} Nd5 {(01:
40)} 18. Bg3 {(01:50)} Qb6 {(00:53)} 19. h4 {(03:29)} h6 {
(09:52)} 20. Nc1 {(11:02)} Rfd8 {(02:48)} 21. Qf3 {
(03:35)} Bc6 {(02:27)} 22. Qh5 {(01:13)} Nf6 {(01:
55)} 23. Nxf6+ {(01:56)} Bxf6 {(00:22)} 24. Be5 {(03:05)}
Qc5 {(03:27)} 25. Nb3 {(02:12)} Rxd1 {(02:19)} 26. Qxd1 {
(01:53)} Qe7 {(02:08)} 27. Bxf6 {(02:50)} Qxf6 {(
00:48)} 28. Qg4 {(00:43)} Bd5 {(01:53)} 29. Qd4 {(09:06)}
Qg6 {(03:03)} 30. g3 {(01:05)} Rc4 {(00:25)} 31. Qxa7 {
(02:56)} Rxh4 {(00:11)} 32. Kf1 {(00:02)} Qd3+ {(
00:34)} 0-1

[Event "42nd Olympiad Baku 2016 Open"]
[Site "Baku"]
[Date "2016.09.05"]
[Round "4.16"]
[White "Naiditsch, Arkadij"]
[Black "Jianu, Vlad-Cristian"]
[Result "1-0"]
[ECO "C11"]
[WhiteElo "2696"]
[BlackElo "2554"]
[Annotator ""]
[PlyCount "95"]
[EventDate "2016.??.??"]
[EventCountry "AZE"]
[SourceTitle "playchess.com"]
[Source "ChessBase"]
[WhiteTeam "Azerbaijan"]
[BlackTeam "Romania"]
[WhiteTeamCountry "AZE"]
[BlackTeamCountry "ROU"]
[TimeControl "40/5400+30:1800+30"]

1. e4 {(00:00)} e6 {(00:00)} 2. d4 {(00:00)} d5 {(
00:00)} 3. Nc3 {(00:00)} Nf6 {(00:14)} 4. Bg5 {(00:37)}
dxe4 {(00:09)} 5. Nxe4 {(00:08)} Nbd7 {(00:18)} 6. Nf3 {
(00:32)} h6 {(00:08)} 7. Nxf6+ {(00:08)} Nxf6 {(00:
07)} 8. Be3 {(01:23)} Nd5 {(00:19)} 9. Bd2 {(00:08)} c5 {
(00:30)} 10. Bb5+ {(00:11)} Bd7 {(00:16)} 11. Bxd7+ {
(00:14)} Qxd7 {(00:08)} 12. c4 {(00:06)} Nb6 {(00:
37)} 13. Rc1 {(00:09)} Be7 {(00:23)} 14. dxc5 {(00:41)}
Bxc5 {(00:07)} 15. b4 {(00:07)} Be7 {(00:04)} 16. c5 {
(00:21)} Nd5 {(00:09)} 17. Ne5 {(00:15)} Qc7 {(00:
07)} 18. Qa4+ {(00:16)} Kf8 {(00:06)} 19. Nc4 {(00:23)} h5
{(01:31)} 20. O-O {(01:09)} h4 {(00:09)} 21. h3 {(
00:50)} Rh5 {(00:40)} 22. Rfe1 {(07:23)} a6 {(05:34)} 23.
Qa5 {(18:29)} Qc6 {(29:15)} 24. Ne5 {(06:30)} Qb5 {
(00:52)} 25. Qa3 {(00:25)} Kg8 {(15:03)} 26. Qb3 {(
11:41)} Rc8 {(07:20)} 27. Rc4 {(07:21)} Qe8 {(06:55)} 28.
Qd1 {(05:08)} Rf5 {(04:47)} 29. Nf3 {(03:59)} a5 {(
08:33)} 30. a3 {(01:55)} axb4 {(04:22)} 31. axb4 {(00:07)}
b6 {(07:29)} 32. Qc2 {(09:30)} bxc5 {(00:13)} 33. bxc5 {
(00:13)} Rh5 {(00:29)} 34. Rb1 {(03:38)} Bf6 {(06:
57)} 35. c6 {(01:38)} Ne7 {(01:43)} 36. c7 {(07:27)} Rb5 {
(00:08)} 37. Rc1 {(06:07)} Nd5 {(00:49)} 38. Bg5 {(
00:57)} Nb6 {(01:48)} 39. Rg4 {(05:40)} Bxg5 {(00:33)} 40.
Nxg5 {(00:00)} f5 {(00:00)} 41. Rd4 {(13:58)} Qe7 {
(09:06)} 42. f4 {(08:56)} Rd5 {(05:59)} 43. Qf2 {(
07:00)} Qa3 {(13:50)} 44. Rdd1 {(01:44)} Nd7 {(02:07)} 45.
Qe1 {(01:29)} Nf8 {(01:00)} 46. Nxe6 {(00:56)} Rxd1 {
(00:36)} 47. Rxd1 {(00:03)} Qe7 {(00:20)} 48. Rd8 {
(01:08)} 1-0

[Event "42nd Olympiad Baku 2016 Open"]
[Site "Baku"]
[Date "2016.09.05"]
[Round "4.1"]
[White "Nedev, Trajko"]
[Black "Arenas, David"]
[Result "1/2-1/2"]
[ECO "B52"]
[WhiteElo "2484"]
[BlackElo "2490"]
[Annotator ""]
[PlyCount "98"]
[EventDate "2016.??.??"]
[EventCountry "AZE"]
[SourceTitle "playchess.com"]
[Source "ChessBase"]
[WhiteTeam "Macedonia"]
[BlackTeam "Colombia"]
[WhiteTeamCountry "MKD"]
[BlackTeamCountry "COL"]
[TimeControl "40/5400+30:1800+30"]

1. e4 {(00:00)} c5 {(00:00)} 2. Nf3 {(00:00)} d6 {(
00:00)} 3. Bb5+ {(00:00)} Bd7 {(00:56)} 4. Bxd7+ {(00:00)}
Nxd7 {(00:10)} 5. O-O {(00:06)} Ngf6 {(00:16)} 6. Qe2 {
(00:07)} g6 {(00:23)} 7. c3 {(00:55)} Bg7 {(17:23)}
8. d4 {(00:10)} cxd4 {(01:08)} 9. cxd4 {(00:09)} O-O {
(00:58)} 10. Nc3 {(12:39)} Nb6 {(01:32)} 11. a4 {(
04:59)} d5 {(06:01)} 12. e5 {(00:46)} Ne8 {(00:11)} 13. b3
{(08:05)} Rc8 {(02:32)} 14. Bd2 {(00:35)} Nc7 {(01:
56)} 15. h4 {(07:24)} Qd7 {(03:34)} 16. Nb5 {(26:22)} a6 {
(07:12)} 17. Nxc7 {(00:15)} Rxc7 {(00:04)} 18. Ne1 {
(00:26)} Rfc8 {(08:35)} 19. Ba5 {(02:57)} Rc6 {(18:
18)} 20. Nd3 {(00:13)} Bh6 {(24:13)} 21. f4 {(11:57)} Rc2
{(02:16)} 22. Qd1 {(02:07)} Na8 {(00:32)} 23. Nc5 {
(00:15)} R2xc5 {(01:51)} 24. dxc5 {(00:05)} Rxc5 {(
00:06)} 25. Bb4 {(00:34)} Rc6 {(00:34)} 26. Rc1 {(01:04)}
Nc7 {(00:11)} 27. Rxc6 {(00:10)} bxc6 {(00:58)} 28. h5 {
(08:59)} Ne6 {(00:48)} 29. hxg6 {(00:06)} hxg6 {(
00:07)} 30. Qg4 {(00:19)} Qa7+ {(00:30)} 31. Kh1 {(00:01)}
Qd4 {(00:23)} 32. Bxe7 {(00:13)} Bxf4 {(00:14)} 33. Bf6 {
(01:13)} Bxe5 {(00:39)} 34. Qxd4 {(00:08)} Bxd4 {(
00:01)} 35. Bxd4 {(00:15)} Nxd4 {(00:01)} 36. b4 {(00:05)}
Kf8 {(01:40)} 37. Kg1 {(04:36)} Ke7 {(00:30)} 38. Kf2 {
(00:12)} Nc2 {(01:21)} 39. Rb1 {(00:15)} Kd6 {(00:
27)} 40. Ke2 {(00:00)} Nd4+ {(00:00)} 41. Kd3 {(03:29)}
Ne6 {(02:29)} 42. g4 {(05:22)} f5 {(00:53)} 43. gxf5 {
(01:49)} gxf5 {(00:09)} 44. Rf1 {(04:35)} f4 {(00:
16)} 45. Rh1 {(01:35)} c5 {(04:37)} 46. bxc5+ {(02:20)}
Nxc5+ {(00:04)} 47. Kd4 {(00:08)} Ne6+ {(00:14)} 48. Kd3 {
(00:54)} Nc5+ {(00:04)} 49. Kd4 {(00:33)} Ne6+ {(
00:04] Ke4 Ke5+} 1/2-1/2